 Dungeon Crawl Stone Soup version 0.22-a0-135-g6f012ad (webtiles) character file.

1369 sankara the Carver (level 8, -4/61 HPs)
             Began as a Barachi Fighter on Jan 31, 2018.
             Was a Follower of Trog.
             Slain by an ogre
             ... wielding a +0 giant club
              (29 damage)
             ... on level 6 of the Dungeon.
             The game lasted 00:12:01 (4297 turns).

sankara the Carver (Barachi Fighter)                Turns: 4297, Time: 00:12:02

Health: -4/61      AC:  8    Str: 19    XL:     8   Next: 65%
Magic:  8/8        EV:  9    Int:  8    God:    Trog [*.....]
Gold:   192        SH: 10    Dex: 13    Spells: 7/7 levels left

rFire    . . .     SeeInvis .   a - +0 long sword
rCold    . . .     Gourm    .   c - +0 shield
rNeg     . . .     Faith    .   b - +0 scale mail
rPois    .         Spirit   .   (no helmet)
rElec    .         Reflect  .   (no cloak)
rCorr    .         Harm     .   e - +0 pair of gloves
MR       .....                  (no boots)
Stlth    ..........             (no amulet)
HPRegen  0.20/turn              n - ring of flight
MPRegen  0.11/turn              (no ring)

@: slow
A: +LOS, swims, slowness 1, strong legs 1
a: Hop, Berserk, Burn Spellbooks, Renounce Religion, Evoke Flight


You were on level 6 of the Dungeon.
You worshipped Trog.
Trog was aware of your devotion.
You were hungry.

You visited 1 branch of the dungeon, and saw 6 of its levels.

You collected 192 gold pieces.

Inventory:

Hand Weapons
 a - a +0 long sword (weapon)
Missiles
 k - 17 poisoned needles
Armour
 b - a +0 scale mail (worn)
 c - a +0 shield (worn)
 e - a +0 pair of gloves (worn)
Jewellery
 l - an uncursed ring of ice
 n - a ring of flight (left hand)
 r - an uncursed ring of ice
Wands
 h - a wand of polymorph (8)
 o - a wand of scattershot (8)
 t - a wand of acid (9)
Scrolls
 g - 10 scrolls of identify {unknown}
 m - a scroll of immolation {unknown}
 p - 4 scrolls of teleportation {unknown}
 q - a scroll of remove curse {unknown}
 s - 3 scrolls of fear {unknown}
 u - a scroll of fog {unknown}
 v - a scroll of random uselessness {unknown}
 w - a scroll of amnesia {unknown}
Potions
 d - 2 potions of might
 i - a potion of curing
 j - a potion of flight
 x - a potion of lignification {unknown}
 z - a potion of degeneration {unknown}
Comestibles
 f - 10 rations
 A - 4 chunks of flesh


   Skills:
 + Level 4.3 Fighting
 + Level 10.0 Long Blades
 - Level 3.6 Armour
 + Level 2.0 Dodging
 - Level 7.0 Shields


You had 7 spell levels left.
You didn't know any spells.

Dungeon Overview and Level Annotations

Branches:
Dungeon (6/15)
 Temple: D:4-7

Altars:
Elyvilon
Gozag
Hepliaklqana
Qazlal
Trog

Annotations:
D:3 Terence


Innate Abilities, Weirdness & Mutations

Shadows flee at your approach. (+LOS)
You can swim through water.
You cover ground slowly.
You can hop short distances.


Message History

The ogre is lightly wounded.
The ogre hits you with a giant club!
You hit the ogre.
The ogre is moderately wounded.
You block the ogre's attack.
A bullfrog comes into view.
You hit the ogre but do no damage.
The ogre is moderately wounded.
You hit the ogre but do no damage.
The ogre is moderately wounded.
The ogre hits you but does no damage.
The leopard gecko skeleton bites you but does no damage.
The ogre hits you with a giant club!
You block the leopard gecko skeleton's attack.
The leopard gecko skeleton bites you. You block the ogre's attack.
The bullfrog hits you. You block the bullfrog's attack.
You block the bullfrog's attack. The ogre hits you with a giant club!!
You die...

#..........# ##.......####
##......### #.....###
##...##.... ..#
##..##....... #.#
##..##........ #.##
##OZ##.......... #..#
##@F..#.......... ###..##
##................
##.)...####...............
......................
##.............>.....
#.<..................
#.............##.....
##............# ##...
##...........# ...


You could see an ogre, a bullfrog and a leopard gecko skeleton.

Vanquished Creatures
  The ghost of Regeox the Chopper, a novice HOFi (D:5)
  Sigmund (D:2)
  2 ogres
  A centaur (D:5)
  2 wights (D:6)
  A howler monkey (D:4)
  A crimson imp (D:5)
  2 orc priests (D:6)
  A jelly (D:5)
  An orc wizard (D:6)
  2 iguanas (D:5)
  Jessica (D:2)
  Natasha (twice) (D:3)
  3 worker ants (D:4)
  A hound zombie (D:5)
  A hound skeleton (D:5)
  Robin (D:2)
  4 gnolls
  An adder (D:6)
  A shadow imp (D:6)
  2 adder zombies (D:5)
  An adder skeleton (D:5)
  4 worms
  A leopard gecko (D:4)
  12 orcs
  A giant cockroach (D:5)
  11 goblins
  11 hobgoblins
  8 jackals
  A kobold (D:1)
  2 quokkas
  A ball python (D:1)
  8 bats
  4 frilled lizards
  3 rats (D:1)
100 creatures vanquished.

Notes
Turn   | Place    | Note
-------+----------+-------------------------------------------
     0 | D:1      | sankara the Barachi Fighter began the quest for the Orb.
     0 | D:1      | Reached XP level 1. HP: 18/18 MP: 1/1
    45 | D:1      | Reached skill level 3 in Long Blades
    45 | D:1      | Reached XP level 2. HP: 13/24 MP: 2/2
   291 | D:1      | Reached XP level 3. HP: 23/29 MP: 3/3
   562 | D:1      | Reached skill level 4 in Long Blades
   682 | D:2      | Noticed Jessica
   689 | D:2      | Killed Jessica
   689 | D:2      | Reached XP level 4. HP: 36/36 MP: 4/4
   728 | D:2      | Noticed Robin
   745 | D:2      | Killed Robin
   815 | D:2      | Noticed Sigmund
   831 | D:2      | Killed Sigmund
   831 | D:2      | Reached skill level 6 in Long Blades
   831 | D:2      | Reached XP level 5. HP: 35/41 MP: 5/5
   831 | D:2      | Reached XP level 6. HP: 40/47 MP: 6/6
   890 | D:2      | Found a bloodstained altar of Trog.
   901 | D:2      | Became a worshipper of Trog the Wrathful
  1400 | D:3      | You fall through a shaft for 3 floors!
  1442 | D:6      | Reached skill level 5 in Shields
  1788 | D:6      | Reached skill level 7 in Long Blades
  1804 | D:6      | Reached XP level 7. HP: 37/52 MP: 7/7
  1921 | D:5      | Entered Level 5 of the Dungeon
  2117 | D:5      | Reached * piety under Trog
  2117 | D:5      | Reached skill level 8 in Long Blades
  2160 | D:5      | Noticed Regeox's ghost (novice HOFi)
  2174 | D:5      | Killed Regeox's ghost
  2174 | D:5      | Reached skill level 9 in Long Blades
  2174 | D:5      | Reached XP level 8. HP: 16/59 MP: 8/8
  2432 | D:5      | Found an opulent altar of Gozag.
  2537 | D:5      | Found a white marble altar of Elyvilon.
  2888 | D:4      | Found a stormy altar of Qazlal.
  3046 | D:4      | You fall through a shaft!
  3170 | D:4      | Reached skill level 1 in Dodging
  3475 | D:4      | Found a hazy altar of Hepliaklqana.
  4060 | D:3      | Noticed Natasha
  4068 | D:3      | Killed Natasha
  4240 | D:3      | Noticed Natasha
  4250 | D:3      | Killed Natasha
  4250 | D:3      | Reached skill level 10 in Long Blades
  4275 | D:3      | Noticed Terence
  4277 | D:3      | You fall through a shaft for 3 floors!
  4297 | D:6      | Slain by an ogre

Vault maps used:
D:1:      enne_arrival_octagon_isle
D:2:      bloody_trog, uniq_sigmund, uniq_jessica, uniq_robin
D:3:      minmay_misc_feat_more_columns, uniq_natasha, uniq_terence
D:4:      marbit_many_paths, lemuel_doored_altar
D:5:      kennysheep_mini, cheibrodos_sewer_entry_bend, first_ration,
          grunt_gozag_breadcrumbs
D:6:      uniq_duvessa

Skill      XL: |  1  2  3  4  5  6  7  8 |
---------------+-------------------------+-----
Long Blades    | 3 4 6 7 9 10 | 10.0
Shields        | 4 5 6 7 |  7.0
Dodging        | 2 |  2.0
Fighting       | 4 |  4.3
Armour         | |  3.6

Action                   |  1- 3 |  4- 6 |  7- 9 || total
-------------------------+-------+-------+-------++-------
Melee: Long sword        |    83 |   129 |   204 ||   416
Invok: Berserk           |       |       |     1 ||     1
  Use: Potion            |       |     4 |       ||     4
  Eat: Chunk             |       |     4 |     6 ||    10
       Ration            |       |       |     1 ||     1
Armor: Scale mail        |    73 |    44 |    59 ||   176
Dodge: Dodged            |    44 |    39 |    36 ||   119
Block: Shield            |    66 |    72 |    88 ||   226
       Rpst.: Long sword |    13 |    14 |    11 ||    38

Table legend:
 A = Spawn XP
 B = Non-spawn XP
 C = Spawn XP percentage of total XP
 D = Spawn monster count
 E = Non-spawn monster count
 F = Spawn count percentage of total count
 G = Total turns spent on level
                    A         B        C        D         E        F      G
               +---------+---------+-------+---------+---------+-------+---------
         Total |       0 |    1957 |   0.0 |       0 |     100 |   0.0 |  4297
               +---------+---------+-------+---------+---------+-------+---------
           D:1 |       0 |      55 |   0.0 |       0 |      27 |   0.0 |   681
           D:2 |       0 |     285 |   0.0 |       0 |      16 |   0.0 |   675
           D:3 |       0 |      85 |   0.0 |       0 |       9 |   0.0 |   290
           D:4 |       0 |     293 |   0.0 |       0 |      16 |   0.0 |  1328
           D:5 |       0 |     969 |   0.0 |       0 |      23 |   0.0 |   782
           D:6 |       0 |     270 |   0.0 |       0 |       9 |   0.0 |   541
               +---------+---------+-------+---------+---------+-------+---------
